 Dungeon Crawl Stone Soup version 0.26.1-11-gd32895ea62 (webtiles) character file.

Game seed: 14988101975322989625

751544 summerfriday the Slayer (level 27, 0/302 HPs)
             Began as a Demonspawn Wanderer on July 6, 2021.
             Was a High Priest of Cheibriados.
             Slain by a tentacled monstrosity (3 damage)
             ... summoned by Mnoleg
             ... while paralysed by an eldritch tentacle
             ... in Pandemonium.
             The game lasted 02:01:21 (76873 turns).

summerfriday the Slayer (Demonspawn Wanderer)      Turns: 76873, Time: 02:01:21

Health: 0/302      AC: 30    Str: 27 (29) XL:     27
Magic:  31/36      EV: -1    Int: 41 (53) God:    Cheibriados [*****.]
Gold:   9061       SH:  0    Dex: 28 (30) Spells: 28/52 levels left

rFire    + + +     SeeInvis .   b - +18 lance "Wyrmbane" {slay drac, rPois rF+ rC+ AC+3}
rCold    + + .     Faith    .   f - +2 kite shield {rN+}
rNeg     + + +     Spirit   .   H - +4 troll leather armour
rPois    ∞         Reflect  .   d - +1 helmet of Mirth {Int-2 Dex+3 Slay+6}
rElec    +         Harm     .   E - +2 cloak {Will+}
rCorr    .         Rampage  .   L - +3 pair of gauntlets of War {Slay+5}
Will     ++++.                  (boots unavailable)
Stlth    ++........             q - amulet of Punkogro {Regen+ Str-5 Int+5}
HPRegen  1.40/turn              R - ring "Ydghypsu" {rN+ Int+8}
MPRegen  0.25/turn              S - ring of Knowledge {*Slow rPois rF+ rN+ Int+7}

@: paralysed, lich-form, constricted, studying Conjurations, very slow
A: talons 3, slimy green scales 3, demonic guardian 3, fire resistance 1, ignite
blood, low mp 1, sense surroundings 1, robust 3, screaming 1, electricity
resistance, strong 1, flame cloud immunity
}: 4/15 runes: decaying, silver, golden, gossamer
a: End Transformation, Renounce Religion, Bend Time, Temporal Distortion,
Slouch, Step From Time


You were in Pandemonium.
You worshipped Cheibriados.
Cheibriados was extremely pleased with you.
You were a lich.
You visited 12 branches of the dungeon, and saw 56 of its levels.
You visited Pandemonium 1 time, and saw 4 of its levels.
You visited 1 bazaar.
You also visited: Trove, Sewer, Bailey and Gauntlet.

You collected 13810 gold pieces.
You spent 4749 gold pieces at shops.

Inventory:

Hand Weapons
 a - a +9 demon blade of electrocution
 b - the +18 lance "Wyrmbane" (weapon) {slay drac, rPois rF+ rC+ AC+3}
   (You found it on level 1 of the Depths)

   It affects your AC (+3).
   It protects you from fire.
   It protects you from cold.
   It protects you from poison.
Missiles
 I - 14 silver javelins (quivered)
Armour
 d - the +1 helmet of Mirth (worn) {Int-2 Dex+3 Slay+6}
   (You found it on level 3 of the Spider Nest)

   It affects your intelligence (-2).
   It affects your dexterity (+3).
   It affects your accuracy and damage with ranged weapons and melee attacks
   (+6).
 f - a +2 kite shield of positive energy (worn)
 E - a +2 cloak of willpower (worn)
 H - a +4 troll leather armour (worn)
 J - the +0 helmet of Ufoid {Int+5}
   (You found it in a Gauntlet)

   It affects your intelligence (+5).
 L - the +3 pair of gauntlets of War (worn) {Slay+5}
   (You found it on level 3 of the Depths)

   It affects your accuracy and damage with ranged weapons and melee attacks
   (+5).
 U - a +0 tower shield of reflection
Jewellery
 k - the cursed necklace of Bloodlust {*Rage +Rage Will++ Int-3 Slay+6 *Curse}
   (You found it on level 2 of the Swamp)

   [amulet of nothing]

   It affects your intelligence (-3).
   It affects your accuracy and damage with ranged weapons and melee attacks
   (+6).
   It affects your willpower, your defense against some magical effects.
   It lets you go berserk.
   It may make you go berserk in combat.
   It curses itself when equipped.
   It has a curse placed upon it.
 q - the amulet of Punkogro (around neck) {Regen+ Str-5 Int+5}
   (You found it on level 2 of the Depths)

   [amulet of regeneration]

   It affects your strength (-5).
   It affects your intelligence (+5).
   It increases your rate of regeneration.
 G - an uncursed amulet of magic regeneration
 R - the ring "Ydghypsu" (left hand) {rN+ Int+8}
   (You found it on level 3 of the Crypt)

   [ring of positive energy]

   It affects your intelligence (+8).
   It protects you from negative energy.
 S - the ring of Knowledge (right hand) {*Slow rPois rF+ rN+ Int+7}
   (You found it on level 3 of the Crypt)

   [ring of positive energy]

   It affects your intelligence (+7).
   It protects you from fire.
   It protects you from poison.
   It protects you from negative energy.
   It may slow you when you take damage.
 X - a cursed ring of resist corrosion
 Z - an uncursed ring of see invisible
Wands
 x - a wand of paralysis (54)
 y - a wand of polymorph (59)
 A - a wand of enslavement (26)
 C - a wand of flame (115)
 K - a wand of acid (10)
 N - a wand of digging (23)
 Q - a wand of disintegration (52)
 V - a wand of iceblast (14)
Scrolls
 c - 10 scrolls of magic mapping
 i - 29 scrolls of remove curse
 j - 12 scrolls of blinking
 o - 21 scrolls of identify
 s - 2 scrolls of silence
 w - 3 scrolls of enchant armour
 z - 4 scrolls of fog
 B - 24 scrolls of teleportation
 F - 12 scrolls of fear
 T - 2 scrolls of brand weapon
Potions
 e - 8 potions of degeneration
 g - 4 potions of resistance
 h - 12 potions of mutation
 m - 9 potions of attraction
 n - 17 potions of ambrosia
 r - 6 potions of cancellation
 t - 8 potions of heal wounds
 u - 10 potions of flight
 v - 10 potions of might
 D - 18 potions of curing
 M - 7 potions of brilliance
 O - 2 potions of invisibility
 P - 2 potions of magic
Books
 W - a manual of Conjurations
Miscellaneous
 l - a condenser vane (inert)
 p - a tin of tremorstones (1/2)
 Y - a figurine of a ziggurat


   Skills:
 + Level 22.6 Fighting
 - Level 7.2(11.2) Short Blades
 - Level 13.3(14.0) Long Blades
 - Level 11.8(12.0) Polearms
 - Level 2.6(8.2) Staves
 - Level 14.1 Throwing
 - Level 3.0 Armour
 - Level 15.0 Dodging
 - Level 15.0 Shields
 + Level 13.2 Spellcasting
 - Level 21.8 Necromancy
 - Level 2.5 Translocations
 - Level 13.0 Transmutations
 + Level 19.1 Earth Magic
 - Level 14.1 Invocations
 - Level 8.0 Evocations


You had 28 spell levels left.
You knew the following spells:

 Your Spells              Type           Power        Failure   Level
a - Apportation           Tloc           96%          1%          1
b - Statue Form           Tmut/Erth      68%          1%          6
c - Necromutation         Tmut/Necr      65%          7%          8
d - Shatter               Erth           55%          45%         9

Your spell library contained the following spells:

 Spells                   Type           Power        Failure   Level
 Animate Skeleton         Necr           100%         0%          1
 Pain                     Necr           100%         0%          1
 Passwall                 Tmut/Erth      85%          0%          2
 Vampiric Draining        Necr           71%          0%          3
 Animate Dead             Necr           71%          0%          4
 Dispel Undead            Necr           100%         0%          4
 Agony                    Necr           100%         0%          5
 Borgnjor's Vile Clutch   Necr/Erth      69%          0%          5
 Excruciating Wounds      Necr           71%          0%          5
 Corona                   Hex            30%          1%          1
 Freeze                   Ice            100%         1%          1
 Magic Dart               Conj           100%         1%          1
 Shock                    Conj/Air       100%         1%          1
 Summon Small Mammal      Summ           100%         1%          1
 Blink                    Tloc           N/A          1%          2
 Call Imp                 Summ           27%          1%          2
 Corpse Rot               Necr/Air       N/A          1%          2
 Ensorcelled Hibernation  Hex/Ice        54%          1%          2
 Poisonous Vapours        Pois/Air       54%          1%          2
 Searing Ray              Conj           54%          1%          2
 Slow                     Hex            27%          1%          2
 Swiftness                Air            27%          1%          2
 Gell's Gravitas          Tloc           24%          1%          3
 Ignite Poison            Fire/Tmut/Pois 58%          1%          3
 Lesser Beckoning         Tloc           24%          1%          3
 Spider Form              Tmut/Pois      34%          1%          3
 Stone Arrow              Conj/Erth      100%         1%          3
 Teleport Other           Tloc           48%          1%          3
 Ice Form                 Ice/Tmut       69%          1%          4
 Leda's Liquefaction      Hex/Erth       40%          1%          4
 Petrify                  Tmut/Erth      100%         1%          4
 Death Channel            Necr           71%          1%          6
 Hydra Form               Tmut           46%          1%          6
 Borgnjor's Revivificati  Necr           71%          1%          8
 Infestation              Necr           71%          1%          8
 Bolt of Magma            Conj/Fire/Erth 34%          2%          5
 Irradiate                Conj/Tmut      34%          2%          5
 Yara's Violent Unravell  Hex/Tmut       34%          2%          5
 Simulacrum               Ice/Necr       54%          2%          6
 Confusing Touch          Hex            27%          4%          3
 Conjure Flame            Conj/Fire      27%          4%          3
 Dazzling Flash           Conj/Hex       54%          4%          3
 Frozen Ramparts          Ice            54%          4%          3
 Mephitic Cloud           Conj/Pois/Air  27%          4%          3
 Ozocubu's Armour         Ice            27%          4%          3
 Static Discharge         Conj/Air       27%          4%          3
 Tukima's Dance           Hex            27%          4%          3
 Passage of Golubria      Tloc           N/A          4%          4
 Iron Shot                Conj/Erth      40%          4%          6
 Dragon Form              Tmut           46%          5%          7
 Iskenderun's Mystic Bla  Conj/Tloc      37%          8%          4
 Airstrike                Air            13%          13%         4
 Fulminant Prism          Conj/Hex       13%          13%         4
 Hailstorm                Conj/Ice       27%          13%         4
 Summon Ice Beast         Ice/Summ       27%          13%         4
 Summon Lightning Spire   Summ/Air       27%          13%         4
 Haunt                    Necr/Summ      54%          13%         7
 Eringya's Noxious Bog    Tmut/Pois      34%          14%         6
 Death's Door             Necr           71%          17%         9
 Summon Forest            Summ/Tloc      18%          22%         5
 Fireball                 Conj/Fire      13%          36%         5
 Lightning Bolt           Conj/Air       13%          36%         5
 Metabolic Englaciation   Hex/Ice        13%          36%         5
 Silence                  Hex/Air        13%          36%         5
 Summon Demon             Summ           13%          36%         5
 Summon Mana Viper        Hex/Summ       27%          36%         5
 Lehudib's Crystal Spear  Conj/Erth      40%          86%         8
 Conjure Ball Lightning   Conj/Air       13%          90%         6
 Freezing Cloud           Conj/Ice/Air   13%          90%         6
 Ozocubu's Refrigeration  Ice            13%          90%         6
 Shadow Creatures         Summ           N/A          90%         6
 Starburst                Conj/Fire      13%          90%         6
 Malign Gateway           Summ/Tloc      18%          100%        7
 Spellforged Servitor     Conj/Summ      13%          100%        7
 Summon Hydra             Summ           13%          100%        7
 Chain Lightning          Conj/Air       13%          100%        8
 Ignition                 Fire           13%          100%        8
 Absolute Zero            Ice            13%          100%        9
 Dragon's Call            Summ           13%          100%        9
 Fire Storm               Conj/Fire      13%          100%        9
 Tornado                  Air            13%          100%        9


Dungeon Overview and Level Annotations

Branches:
Dungeon (15/15)            Temple (1/1) D:5            Lair (6/6) D:10
  Swamp (4/4) Lair:2       Spider (4/4) Lair:3        Slime (0/5) Lair:5
    Orc (2/2) D:12            Elf (3/3) Orc:2        Vaults (5/5) D:14
  Crypt (3/3) Vaults:2       Tomb (3/3) Crypt:3      Depths (5/5) D:15
    Zot (5/5) Depths:5      Sewer (visited)          Bailey (visited)
Gauntlet (visited)

Altars:
Ashenzari
Cheibriados
Dithmenos
Elyvilon
Fedhas
Gozag
Hepliaklqana
Kikubaaqudgha
Makhleb
Nemelex Xobeh
Okawaru
Qazlal
Ru
Sif Muna
Trog
Uskayaw
Vehumet
Wu Jian
Xom
Yredelemnul
Zin
The Shining One
Beogh
Jiyva

Shops:
D:10 :   Orc:2 *(:[   Elf:1 }=   Elf:3 =}=!   Vaults:1 :   Vaults:3 *
Depths:3 !*(:*

Portals:
Hell: Depths:1 Depths:2 Depths:3 Depths:4 Depths:5
Abyss: Depths:4 Depths:5
Pandemonium: Depths:3 Depths:4
Ziggurat: Depths:5

Annotations:
D:4 2 transporters, Charcat's ghost, amateur TrWz
Lair:5 1 runed translucent door
Elf:1 Roxanne
Elf:2 3 runed translucent doors
Pan Mnoleg


Innate Abilities, Weirdness & Mutations

You have claws for feet.
You are completely covered in slimy green scales. (AC +4, rPois)
A powerful demonic guardian rushes to your aid.
Your flesh is heat resistant. (rF+)
Your demonic aura causes spilled blood to erupt in flames.
You are extremely robust. (+30% HP)
You are immune to clouds of flame.
Your magical capacity is low. (-10% MP)
You passively map a small area around you.
You occasionally shout uncontrollably at your foes.
You are resistant to electric shocks. (rElec)
Your muscles are strong. (Str +2)


Message History

* * * LOW HITPOINT WARNING * * *
Mnoleg kicks you!
* * * LOW HITPOINT WARNING * * *
Mnoleg blinks!
The large abomination is engulfed in freezing vapours.
The large abomination hits you!!
* * * LOW HITPOINT WARNING * * *
The cacodemon is engulfed in freezing vapours.
The cacodemon hits you but does no damage. x2
The eldritch tentacle slaps you!
* * * LOW HITPOINT WARNING * * *
Cheibriados protects you from inadvertent hurry.
The eldritch tentacle claws you but does no damage.
The eye of draining is engulfed in freezing vapours.
The tentacled monstrosity is engulfed in freezing vapours.
The tentacled monstrosity tentacle-slaps you but does no damage.
The tentacled monstrosity tentacle-slaps you.
* * * LOW HITPOINT WARNING * * *
The tentacled monstrosity tentacle-slaps you.
You die...

..........##,
.......
#.....&..##
#......
##......## *
* ,, *
*#......## *
* #.......§##
* ,
........§§##
, , , * *
....##..*─§##
, ** ...#
##.§Xw§##, *
..#* ##.§§L2#
, .# ,
##§XXX§#** ,
, , ##§G§§§..
, , *
##§§§..... *
* ,,##§......
, *, *
....... * ,*
........ ,
.......G.
,.G..#


You could see Mnoleg, a tentacled monstrosity (summoned, misshapen), an eldritch
tentacle, a cacodemon (resistant), 3 large abominations and an eye of draining
(summoned, agile, resistant, weak-willed).

Vanquished Creatures
  2 orbs of fire
  Khufu (Tomb:2)
  Mennas (Pan)
  4 ancient liches
  Mara (Tomb:1)
  Sojobo (Tomb:1)
  31 royal mummies
  Boris (twice) (Depths:3 Tomb:2)
  Frederick (Tomb:1)
  Xtahua (Crypt:1)
  A Killer Klown (Zot:4)
  Margery (Vaults:4)
  A pandemonium lord (Pan)
  Saint Roka (Crypt:2)
  A curse toe (Zot:2)
  2 caustic shrikes
  7 golden dragons
  A profane servitor (Crypt:1)
  Nikola (Spider:1)
  2 bone dragons
  14 large abominations
  A Brimstone Fiend (Pan)
  Rupert (Lair:3)
  An electric golem (Zot:2)
  19 tentacled monstrosities
  7 Orb Guardians (Zot:5)
  2 Hell Sentinels (Pan)
  5 liches
  6 titans
  5 death cobs
  4 quicksilver dragons
  A deep elf master archer (Elf:3)
  2 deep elf blademasters (Elf:3)
  7 ancient champions
  An Executioner (Pan)
  3 thorn hunters
  The ghost of Gameukug the Brawler, an adept TrMo of Nemelex Xobeh (Depths:3)
  5 sphinxes
  8 draconian monks
  Kirke (Spider:1)
  14 storm dragons
  5 shadow dragons
  4 tengu reavers
  Donald (Vaults:1)
  2 daevas (Depths:5)
  3 revenants
  18 vault wardens
  2 orc warlords
  4 draconian scorchers
  13 frost giants
  7 cacodemons
  Aizul (Vaults:4)
  2 balrugs (Pan)
  7 fire giants
  7 ghost moths
  A ghoul (Crypt:3)
  An iron dragon (Depths:3)
  6 draconian knights
  7 deep elf sorcerers
  3 emperor scorpions
  2 deep elf elementalists
  An angel (Depths:5)
  A curse skull (Crypt:1)
  A spriggan defender (Depths:3)
  3 draconian shifters
  2 blood saints (Pan)
  4 draconian annihilators
  16 ironheart preservers
  A draconian stormcaller (Zot:4)
  32 very ugly things
  A juggernaut skeleton (Depths:3)
  2 reapers (Pan)
  5 war gargoyles
  19 stone giants
  9 vampire knights
  7 green draconians
  13 deep elf demonologists
  A black sun (Pan)
  14 bennus
  3 entropy weavers
  3 lorocyprocas (Pan)
  3 bunyips
  4 black draconians
  6 purple draconians
  11 deep elf annihilators
  10 yellow draconians
  16 white draconians
  A minotaur (Gauntlet)
  9 spark wasps
  Snorg (Lair:6)
  5 deep elf death magi
  8 red draconians
  3 eidola (Crypt:1)
  4 green deaths (Pan)
  3 crystal guardians (Crypt:3)
  4 eleionomae
  20 ettins
  12 fire dragons
  2 pearl dragon zombies (Crypt:1)
  A merfolk impaler (Depths:3)
  9 death oozes (Depths:3)
  3 blizzard demons (Pan)
  20 mummy priests
  20 yaktaur captains
  A shambling mangrove (Swamp:4)
  The ghost of dtburroughs the Fighter, a journeyman MiBe of Trog (D:11)
  9 great orbs of eyes
  13 ice dragons
  15 hydras
  2 jiangshi
  7 deep elf high priests
  4 boulder beetles
  33 vault guards
  4 rakshasas
  2 hell beasts (Pan)
  A ghost crab (Swamp:2)
  6 spriggan air magi
  A quicksilver dragon skeleton (Tomb:3)
  8 alligators
  44 two-headed ogres
  A catoblepas (Lair:6)
  16 centaur warriors
  29 death scarabs
  4 death knights
  The ghost of nothank2 the Bludgeoner, a novice MiFi of Makhleb (D:9)
  19 ogre magi
  20 dancing weapons
  14 deep troll shamans
  5 hell hogs
  9 deep troll earth magi
  6 vampire magi
  A titan zombie (Crypt:3)
  5 tengu warriors
  5 death yaks
  6 spriggan berserkers
  6 sun demons (Pan)
  Urug (Orc:1)
  10 hell knights
  Sonja (Orc:1)
  2 soul eaters
  3 salamander mystics
  A shock serpent (shapeshifter) (Vaults:5)
  A fire crab (Lair:6)
  A titan skeleton (Crypt:2)
  Nergalle (Lair:4)
  3 sixfirhies (Pan)
  A shadow wraith (Vaults:3)
  3 iron trolls
  20 deep elf knights
  A death drake (Gauntlet)
  2 goliath frogs
  3 small abominations
  30 skeletal warriors
  2 unseen horrors
  28 deep trolls
  3 spriggan druids
  5 glowing orange brains
  10 swamp dragons
  3 wizards
  A shadow demon (Pan)
  A lindwurm (shapeshifter) (Vaults:5)
  15 ironbrand convokers
  3 flayed ghosts
  23 deep elf archers
  2 spectral hydras (Swamp:4)
  A harpy (shapeshifter) (Vaults:3)
  5 bog bodies
  2 sphinx zombies
  14 orc knights
  8 phantasmal warriors
  3 golden dragon skeletons (Crypt:3)
  15 orb spiders
  A harpy (Vaults:3)
  10 necromancers
  A human zombie (Vaults:4)
  18 cyclopes
  69 deep elf magi
  26 wolf spiders
  2 manticores
  5 orc sorcerers
  A wolf spider (shapeshifter) (Depths:5)
  6 will-o-the-wisps
  2 shining eyes (Pan)
  34 slime creatures
  34 ugly things
  18 oklob plants
  9 salamanders
  3 elephants
  A spectral centaur (Gauntlet)
  2 iron dragon skeletons
  An elf zombie (Depths:3)
  A frost giant skeleton (Depths:2)
  19 moths of wrath
  An eleionoma skeleton (Crypt:1)
  A fire giant skeleton (Crypt:3)
  A rust devil (Depths:4)
  25 vault sentinels
  A guardian serpent (shapeshifter) (Elf:3)
  An eye of devastation (Pan)
  3 smoke demons
  2 torpor snails
  A human skeleton (Vaults:4)
  5 spectral swamp worms (Depths:2)
  4 apis skeletons (Crypt:1)
  A centaur zombie (D:13)
  A gargoyle (D:13)
  A kobold demonologist (D:14)
  6 orange demons (Pan)
  2 black mambas
  A spark wasp simulacrum (Depths:3)
  13 cane toads
  An efreet (Pan)
  A rime drake (shapeshifter) (Vaults:5)
  17 demonic crawlers
  12 freezing wraiths
  2 rime drakes
  An alligator snapping turtle skeleton (Crypt:1)
  11 komodo dragons
  64 yaktaurs
  A spriggan skeleton (Depths:2)
  8 tengu conjurers
  37 guardian mummies
  A queen bee (Lair:5)
  3 meliai (Lair:5)
  A troll (shapeshifter) (Vaults:3)
  30 jumping spiders
  A queen ant zombie (Crypt:2)
  A hellwing (Pan)
  6 tyrant leeches
  A meliai (shapeshifter) (D:14)
  4 death drake zombies (Swamp:4)
  A wind drake (shapeshifter) (Vaults:1)
  5 trolls
  2 black draconian skeletons
  A red devil (Pan)
  Grinder (D:5)
  A merfolk (shapeshifter) (Elf:2)
  25 hornets
  3 polar bears
  5 hydra zombies
  2 ettin zombies
  13 blink frogs
  A meliai zombie (D:14)
  A raiju (shapeshifter) (Vaults:1)
  A harpy skeleton (D:14)
  2 death drake skeletons (Swamp:4)
  3 stone giant simulacra
  An iron dragon simulacrum (Crypt:2)
  3 air elementals
  A spriggan (shapeshifter) (Vaults:1)
  38 flying skulls
  3 centaur simulacra
  12 spriggans
  5 ynoxinuls (Pan)
  7 water elementals
  3 hogs (Spider:1)
  A tarantella (shapeshifter) (Vaults:2)
  3 shadows
  A vampire (D:15)
  2 ice dragon skeletons (Crypt:2)
  72 redbacks
  29 ushabtiu
  61 yaks
  Eustachio (D:4)
  11 wraiths
  25 tarantellas
  6 wyverns
  7 basilisks
  A black mamba skeleton (Crypt:2)
  4 fire bats (Gauntlet)
  2 golden eyes (Pan)
  A yak (shapeshifter) (Elf:2)
  A fire elemental (Elf:3)
  12 neqoxecs (Pan)
  A steam dragon (D:15)
  A basilisk (shapeshifter) (Vaults:3)
  3 vampire mosquitoes (D:14)
  4 chaos spawn (Pan)
  16 wargs
  A redback simulacrum (D:15)
  An infernal demonspawn zombie (Crypt:1)
  An acid dragon (shapeshifter) (Vaults:5)
  2 acid dragons
  17 swamp worms
  2 soldier ants
  2 cane toad zombies
  16 water moccasins
  5 hydra simulacra
  5 floating eyes
  2 floating eyes (shapeshifter) (Vaults:5)
  14 hell hounds
  49 orc warriors
  9 swamp drakes
  4 phantoms
  A hornet zombie (D:15)
  An infernal demonspawn skeleton (Crypt:2)
  4 ice beasts
  46 ogres
  3 black bears
  An eye of draining (D:14)
  5 sky beasts
  A manticore skeleton (Crypt:3)
  2 snapping turtle zombies
  An eye of draining (shapeshifter) (Vaults:4)
  6 necrophages
  6 boggarts
  A swamp dragon skeleton (Crypt:3)
  14 wolves
  24 centaurs
  A lindwurm skeleton (Crypt:2)
  18 bullfrogs
  A salamander zombie (Crypt:2)
  Blork the orc (D:6)
  A gnoll sergeant (D:6)
  A wyvern zombie (D:14)
  A glowing shapeshifter simulacrum (Vaults:3)
  A salamander skeleton (Crypt:1)
  3 earth elementals
  4 wyvern skeletons
  4 scorpions
  6 troll zombies (D:12)
  35 killer bees
  2 wights (D:6)
  11 electric eels
  9 howler monkeys
  4 bullfrog zombies
  A quasit (D:10)
  2 human simulacra
  A basilisk zombie (Crypt:1)
  2 bullfrog skeletons
  5 jellies
  6 centaur skeletons
  24 orc priests
  5 hounds
  2 iguanas
  26 orc wizards
  8 worker ants
  A hell rat (Lair:5)
  2 ogre zombies (D:12)
  A demigod zombie (Crypt:1)
  An ogre skeleton (Tomb:2)
  2 hound skeletons
  42 mummies
  2 worker ant zombies
  6 adders
  11 gnolls
  A steam dragon skeleton (Crypt:2)
  A shadow imp (D:5)
  4 white imps
  3 ufetubi
  An adder skeleton (D:4)
  An iguana skeleton (Crypt:2)
  5 worms
  A barachi skeleton (Crypt:1)
  8 dart slugs
  12 leopard geckos
  118 orcs
  3 giant cockroaches
  17 goblins
  6 hobgoblins
  24 jackals
  22 kobolds
  6 quokkas
  3 ball pythons
  11 bats
  5 frilled lizards
  A goblin zombie (D:12)
  A hobgoblin skeleton (D:12)
  2 hobgoblin zombies
  A jackal skeleton (D:7)
  A kobold zombie (Crypt:2)
  2 leopard gecko skeletons
  A leopard gecko zombie (D:6)
  3 orc skeletons (D:12)
  19 orc zombies (D:12)
  2 quokka skeletons
  10 rats
  2 bushes (Zot:2)
  14 crawling corpses
  A fire vortex (Depths:4)
  6 foxfires
  A fungus (Zot:2)
  A plant (Zot:2)
2866 creatures vanquished.

Vanquished Creatures (collateral kills)
  2 royal mummies
  A shard shrike (Zot:2)
  A Killer Klown (Zot:3)
  A large abomination (Vaults:5)
  Jorgrun (Spider:2)
  Asterion (Spider:1)
  An ancient champion (Tomb:2)
  A shadow dragon (Vaults:5)
  4 sphinxes
  3 storm dragons
  A revenant (Tomb:2)
  A fire giant (Vaults:5)
  A draconian knight (Zot:3)
  2 deep elf sorcerers
  2 draconian scorchers (Zot:2)
  2 cacodemons (Pan)
  2 ironheart preservers (Vaults:4)
  2 reapers (Pan)
  A draconian stormcaller (Zot:1)
  A very ugly thing (Depths:4)
  A stone giant (Vaults:4)
  2 black draconians (Zot:1)
  A vampire knight (Swamp:4)
  An entropy weaver (Spider:3)
  A green draconian (Depths:5)
  2 white draconians
  2 purple draconians
  2 spark wasps
  An ettin (Orc:1)
  A deep elf death mage (Elf:3)
  A yaktaur captain (Vaults:3)
  A fire dragon (Vaults:1)
  Josephine (Lair:4)
  3 ogre magi
  3 vault guards
  3 boulder beetles
  A deep elf high priest (Elf:3)
  5 hydras
  A centaur warrior (Vaults:4)
  A dancing weapon (Elf:1)
  4 two-headed ogres
  A death knight (Vaults:1)
  A death scarab (Tomb:1)
  An orc high priest (Orc:2)
  A tengu warrior (D:13)
  2 hell knights
  2 deep elf knights
  2 skeletal warriors
  An iron troll (Depths:4)
  A sixfirhy (Pan)
  3 deep trolls
  5 deep elf archers
  2 orc knights
  An ironbrand convoker (Vaults:3)
  A swamp dragon (Swamp:4)
  An orb spider (Spider:4)
  8 deep elf magi
  A wolf spider (Spider:2)
  4 ugly things
  2 centaur zombies
  2 slime creatures
  3 moths of wrath
  2 orange demons
  2 yaktaurs (Vaults:4)
  2 freezing wraiths
  A komodo dragon (Lair:6)
  6 guardian mummies
  4 jumping spiders
  A death drake zombie (Swamp:4)
  3 blink frogs (Lair:6)
  A meliai zombie (Gauntlet)
  Sigmund (D:3)
  4 wraiths
  3 redbacks
  An ushabti (Tomb:3)
  A spriggan (Swamp:3)
  A water elemental (D:12)
  8 yaks
  A fire elemental (Elf:2)
  A warg (Orc:1)
  A neqoxec (Pan)
  A soldier ant (D:11)
  A water moccasin (Sewer)
  2 hydra simulacra
  A sky beast (D:15)
  3 orc warriors
  5 ogres
  An eye of draining (Pan)
  2 boggarts (D:15)
  A bullfrog (D:11)
  A big kobold (D:13)
  An earth elemental (Elf:2)
  4 killer bees
  A wight (D:6)
  A howler monkey (D:8)
  A bullfrog zombie (D:6)
  A centaur skeleton (D:4)
  3 orc priests
  2 orc wizards
  An adder (D:2)
  A gnoll (D:3)
  11 orcs
  A goblin (Vaults:4)
  A jackal (D:5)
  A quokka (D:9)
  6 kobolds
  A crawling corpse (Elf:3)
213 creatures vanquished.

Vanquished Creatures (others)
  An eldritch tentacle (Pan)
  An Executioner (Pan)
  A juggernaut skeleton (Depths:3)
  A rakshasa (Vaults:3)
  2 death scarabs (Tomb:1)
  A deep elf knight (Elf:2)
  An unseen horror (D:14)
  A deep elf mage (Elf:3)
  A manticore (D:14)
  2 bloated husks
  A spriggan (Swamp:3)
  A human (shapeshifter) (D:14)
  A warg (D:10)
  An orc warrior (D:11)
  An orc wizard (Vaults:2)
  An orc (Vaults:4)
  A kobold (D:14)
  35 foxfires
  27 fungi
  48 plants
129 creatures vanquished.

Grand Total: 3208 creatures vanquished

Notes
Turn   | Place    | Note
-------+----------+-------------------------------------------
     0 | D:1      | summerfriday the Demonspawn Wanderer began the quest for
                  | the Orb.
     0 | D:1      | summerfriday set off with the following items: a +2 short
                  | sword, a scroll of teleportation, a +0 quarterstaff, a +0
                  | robe
     0 | D:1      | Reached XP level 1. HP: 18/18 MP: 1/1
    98 | D:1      | Gained mutation: Your flesh is heat resistant. (rF+)
                  | [demonic ancestry]
    98 | D:1      | Reached XP level 2. HP: 18/24 MP: 2/2
   981 | D:1      | Gained mutation: A weak demonic guardian rushes to your
                  | aid. [demonic ancestry]
   981 | D:1      | Reached XP level 3. HP: 29/29 MP: 3/3
  2652 | D:2      | Reached XP level 4. HP: 35/35 MP: 4/4
  2808 | D:2      | Found a basalt altar of Yredelemnul.
  3315 | D:3      | Noticed Sigmund
  3318 | D:4      | Noticed an ogre
  3329 | D:4      | Found a transporter.
  3337 | D:4      | Killed an ogre
  3350 | D:4      | Gained mutation: You are immune to clouds of flame.
                  | [demonic ancestry]
  3350 | D:4      | Reached XP level 5. HP: 29/41 MP: 5/5
  3446 | D:4      | Noticed Charcat's ghost (amateur TrWz)
  3483 | D:4      | Found a transporter.
  3525 | D:4      | Noticed Eustachio
  4190 | D:3      | Found an opulent altar of Gozag.
  4190 | D:3      | Found an ornate altar of the Wu Jian Council.
  4599 | D:3      | Found a shimmering blue altar of Sif Muna.
  4669 | D:3      | Killed Sigmund
  4670 | D:3      | Reached XP level 6. HP: 30/47 MP: 6/6
  5064 | D:4      | Killed Eustachio
  5065 | D:4      | Reached skill level 5 in Short Blades
  5807 | D:4      | Found an iron altar of Okawaru.
  5887 | D:5      | Entered Level 5 of the Dungeon
  5895 | D:5      | Gained mutation: You have sharp toenails. [demonic
                  | ancestry]
  5895 | D:5      | Reached XP level 7. HP: 35/52 MP: 7/7
  5932 | D:5      | Noticed Grinder
  5951 | D:5      | Found a glowing drain.
  5981 | Sewer    | Entered a sewer
  6497 | D:5      | Found a stormy altar of Qazlal.
  6497 | D:5      | Found a radiant altar of Vehumet.
  6497 | D:5      | Found a shadowy altar of Dithmenos.
  6498 | D:5      | Found a sparkling altar of Nemelex Xobeh.
  6539 | D:5      | Reached skill level 5 in Dodging
  6542 | D:5      | Found a staircase to the Ecumenical Temple.
  6545 | Temple   | Entered the Ecumenical Temple
  6826 | Temple   | Became a worshipper of Cheibriados the Contemplative
  6862 | D:5      | Found a white marble altar of Elyvilon.
  6994 | D:5      | Killed Grinder
  7087 | D:5      | Reached skill level 4 in Fighting
  7087 | D:5      | Gained mutation: A demonic guardian rushes to your aid.
                  | [demonic ancestry]
  7087 | D:5      | Reached XP level 8. HP: 31/60 MP: 8/8
  7617 | D:5      | Found a glowing golden altar of the Shining One.
  7618 | D:5      | Found a shimmering altar of Xom.
  7769 | D:6      | Reached * piety under Cheibriados
  7941 | D:6      | Reached skill level 5 in Fighting
  8271 | D:6      | Noticed Blork the orc
  8289 | D:6      | Killed Blork the orc
  8453 | D:6      | Reached skill level 1 in Shields
  8706 | D:6      | Reached ** piety under Cheibriados
  8713 | D:6      | Reached skill level 1 in Long Blades
  9700 | D:7      | Gained mutation: You have razor-sharp toenails. [demonic
                  | ancestry]
  9700 | D:7      | Reached XP level 9. HP: 69/69 MP: 9/9
  9950 | D:7      | Reached skill level 6 in Fighting
  9950 | D:7      | Identified a scroll of acquirement
  9950 | D:7      | Acquired 1127 gold pieces
  9989 | D:7      | Reached *** piety under Cheibriados
 10423 | D:7      | Got a masterwork leather armour
 10434 | D:7      | Identified the +2 leather armour "Odeu" {+Inv Dex+4} (You
                  | found it on level 7 of the Dungeon)
 10734 | D:7      | Reached skill level 1 in Invocations
 11024 | D:8      | Learned a level 1 spell: Apportation
 11151 | D:8      | Found a hide-covered altar of Uskayaw.
 11164 | D:8      | Reached skill level 1 in Translocations
 11514 | D:8      | Reached **** piety under Cheibriados
 11694 | D:8      | Reached skill level 7 in Fighting
 11967 | D:9      | Found a runed translucent gate.
 11967 | D:9      | Found a runed translucent gate.
 11967 | D:9      | Found a runed translucent gate.
 11967 | D:9      | Noticed nothank2's ghost (novice MiFi)
 11967 | D:9      | Noticed a freezing wraith
 12336 | D:9      | Reached XP level 10. HP: 64/79 MP: 11/13
 13083 | D:10     | Entered Level 10 of the Dungeon
 13228 | D:10     | Found a staircase to the Lair.
 13696 | D:10     | Reached skill level 5 in Long Blades
 13696 | D:10     | Reached skill level 5 in Shields
 13701 | D:10     | Reached ***** piety under Cheibriados
 13985 | D:10     | Found Luschigh's Book Boutique.
 14382 | D:10     | Bought a book of the Earth for 845 gold pieces
 14389 | D:10     | Learned a level 6 spell: Statue Form
 14535 | D:11     | Found a transporter.
 14539 | D:11     | Noticed dtburroughs's ghost (journeyman MiBe)
 14539 | D:11     | Noticed a moth of wrath
 14550 | D:11     | Reached skill level 1 in Transmutations
 14550 | D:11     | Reached skill level 1 in Earth Magic
 14552 | D:11     | Reached skill level 1 in Spellcasting
 14677 | D:11     | Found a transporter.
 14714 | D:11     | Found a roughly hewn altar of Beogh.
 15475 | D:11     | Found a portal to a secret trove of treasure.
 15585 | D:11     | Acquired a +1 demon blade of electrocution
 15685 | D:11     | Killed a moth of wrath
 15686 | D:11     | Gained mutation: You are partially covered in slimy green
                  | scales. (AC +2) [demonic ancestry]
 15686 | D:11     | Reached XP level 11. HP: 48/84 MP: 3/14
 15690 | D:11     | Killed dtburroughs's ghost
 16166 | D:9      | Killed nothank2's ghost
 16229 | D:9      | Got a brightly glowing brass ring
 16233 | D:9      | Identified the ring of Happiness {rPois rF+} (You found it
                  | on level 9 of the Dungeon)
 16368 | D:12     | Reached skill level 5 in Invocations
 17267 | D:12     | Noticed a skeletal warrior
 17268 | D:12     | Noticed a skeletal warrior
 17273 | D:12     | Noticed a skeletal warrior
 17317 | D:12     | Killed a skeletal warrior
 17324 | D:12     | Killed a skeletal warrior
 17328 | D:12     | Killed a skeletal warrior
 17349 | D:12     | Reached ****** piety under Cheibriados
 17566 | D:12     | Found a staircase to the Orcish Mines.
 18217 | D:13     | Noticed a tengu warrior
 18222 | D:13     | Reached skill level 5 in Transmutations
 18222 | D:13     | Reached skill level 5 in Earth Magic
 18226 | D:13     | Killed a tengu warrior
 18227 | D:13     | Reached XP level 12. HP: 81/91 MP: 17/17
 18546 | D:13     | Noticed a centaur warrior
 18557 | D:13     | Killed a centaur warrior
 18656 | D:13     | Noticed a seven-headed hydra
 18658 | D:13     | Killed a seven-headed hydra
 19075 | D:13     | Noticed an eight-headed hydra
 19078 | D:13     | Noticed a tengu warrior
 19081 | D:13     | Killed an eight-headed hydra
 19087 | D:13     | Killed a tengu warrior
 19610 | D:14     | HP: 1/91 [electric eel/bolt of electricity (9)]
 19700 | D:14     | Found a flagged portal.
 19718 | Bailey   | Entered a bailey
 19827 | Bailey   | Found a bloodstained altar of Trog.
 20357 | D:14     | Found a white marble altar of Elyvilon.
 20434 | D:14     | Reached skill level 1 in Armour
 20948 | D:14     | Reached XP level 13. HP: 70/96 MP: 13/19
 21293 | D:14     | Found a gate to the Vaults.
 22573 | D:14     | Noticed a tengu reaver
 22573 | D:14     | Noticed a frost giant
 22573 | D:14     | Noticed a frost giant
 22574 | D:14     | Noticed an ettin
 22583 | D:14     | Killed a frost giant
 22589 | D:14     | Killed a frost giant
 22904 | D:14     | Killed a tengu reaver
 22913 | D:14     | Killed an ettin
 23329 | D:15     | Entered Level 15 of the Dungeon
 23845 | D:15     | Noticed an ettin
 23849 | D:15     | Reached skill level 10 in Long Blades
 23849 | D:15     | Reached skill level 10 in Shields
 23852 | D:15     | Killed an ettin
 23855 | D:15     | Gained mutation: You have claws for feet. [demonic
                  | ancestry]
 23855 | D:15     | Reached XP level 14. HP: 65/103 MP: 20/20
 23868 | D:15     | Found a staircase to the Depths.
 24495 | Orc:1    | Entered Level 1 of the Orcish Mines
 24517 | Orc:1    | Noticed Sonja
 24520 | Orc:1    | Killed Sonja
 24723 | Orc:1    | Noticed Urug
 24762 | Orc:1    | Killed Urug
 24961 | Orc:2    | Entered Level 2 of the Orcish Mines
 25341 | Orc:2    | Noticed an orc warlord
 25368 | Orc:2    | Killed an orc warlord
 25417 | Orc:2    | Found a roughly hewn altar of Beogh.
 25529 | Orc:2    | Found Betu's General Store.
 25532 | Orc:2    | Found Jigris's Book Shop.
 25557 | Orc:2    | Bought a scroll of identify for 26 gold pieces
 25557 | Orc:2    | Bought a scroll of identify for 26 gold pieces
 25557 | Orc:2    | Bought a scroll of enchant weapon for 97 gold pieces
 25639 | Orc:2    | Found Utevviac's Antique Weapon Shop.
 25817 | Orc:2    | Found a staircase to the Elven Halls.
 25910 | Orc:2    | Found Beudav's Antique Armour Shop.
 26378 | Elf:1    | Entered Level 1 of the Elven Halls
 26490 | Lair:1   | Entered Level 1 of the Lair of Beasts
 27462 | Lair:2   | Found a staircase to the Swamp.
 27543 | Lair:2   | Gained mutation: You are mostly covered in slimy green
                  | scales. (AC +3) [demonic ancestry]
 27543 | Lair:2   | Reached XP level 15. HP: 108/108 MP: 21/21
 27874 | Lair:3   | Found a hole to the Spider Nest.
 27888 | Lair:3   | Reached skill level 10 in Transmutations
 27888 | Lair:3   | Reached skill level 10 in Earth Magic
 28236 | Lair:3   | Noticed Rupert
 28251 | Lair:3   | Killed Rupert
 28926 | Lair:4   | Noticed Nergalle
 28933 | Lair:4   | Killed Nergalle
 29086 | Lair:4   | Noticed Josephine
 29095 | Lair:4   | Killed Josephine
 30489 | Lair:5   | Found a runed translucent door.
 30490 | Lair:5   | Found a viscous altar of Jiyva.
 30576 | Lair:5   | Found a staircase to the Slime Pits.
 30668 | Lair:6   | Entered Level 6 of the Lair of Beasts
 30679 | Lair:6   | Noticed Snorg
 30688 | Lair:6   | Killed Snorg
 30723 | Lair:6   | Found a gate leading to a gauntlet.
 30736 | Gauntlet | Entered a Gauntlet
 30736 | Gauntlet | Found a transporter.
 30745 | Gauntlet | Found a transporter.
 30746 | Gauntlet | Found a transporter.
 30747 | Gauntlet | Found a transporter.
 30750 | Gauntlet | Found a transporter.
 30751 | Gauntlet | Found a transporter.
 30760 | Gauntlet | Found a transporter.
 30763 | Gauntlet | Found a transporter.
 30779 | Gauntlet | Found a transporter.
 30796 | Gauntlet | Found a transporter.
 30800 | Gauntlet | Found a transporter.
 30808 | Gauntlet | Found a transporter.
 30961 | Gauntlet | Got a flickering steel ring
 30962 | Gauntlet | Identified the ring of the Locust {Str+2 Stlth+} (You found
                  | it in a Gauntlet)
 31013 | Gauntlet | Got a slimy helmet
 31014 | Gauntlet | Identified the +0 helmet of Ufoid {Int+5} (You found it in
                  | a Gauntlet)
 31177 | Gauntlet | Got a twitching emerald amulet
 31178 | Gauntlet | Identified the amulet "Qiuchodd" {Inacc rPois Str+5} (You
                  | found it in a Gauntlet)
 31181 | Gauntlet | Got a scorched leather armour
 31182 | Gauntlet | Identified the +0 leather armour "Siynis Astra" {Harm
                  | *Corrode Will+} (You found it in a Gauntlet)
 31967 | Lair:6   | Gained mutation: You are robust. (+10% HP) [demonic
                  | ancestry]
 31967 | Lair:6   | Reached XP level 16. HP: 125/126 MP: 20/22
 33419 | Elf:1    | Found Qaenyuskagge's Gadget Boutique.
 33499 | Elf:1    | Found a shimmering blue altar of Sif Muna.
 33583 | Elf:1    | Identified Roxanne's Guide on Transmutation
 33583 | Elf:1    | Noticed Roxanne
 33951 | Elf:1    | Found Seoc's Jewellery Boutique.
 34364 | Elf:1    | Identified the Compendium of Creative Conjuration
 35181 | Elf:2    | Found a runed translucent gate.
 35181 | Elf:2    | Found a runed translucent gate.
 35181 | Elf:2    | Found a runed translucent gate.
 35239 | Elf:3    | Entered Level 3 of the Elven Halls
 35331 | Elf:3    | Reached skill level 5 in Evocations
 35715 | Elf:3    | Gained mutation: You are very robust. (+20% HP) [demonic
                  | ancestry]
 35715 | Elf:3    | Reached XP level 17. HP: 144/144 MP: 21/23
 36027 | Elf:3    | Found Sougof's Distillery.
 36069 | Elf:3    | Found Xyeniob's Jewellery Emporium.
 36070 | Elf:3    | Found Ehep's Gadget Shop.
 36072 | Elf:3    | Found Nikufav's Jewellery Emporium.
 36313 | Elf:3    | Noticed an Ice Fiend
 36330 | Elf:3    | Noticed a deep elf master archer
 36331 | Elf:3    | Noticed a deep elf blademaster
 36336 | Elf:3    | Killed a deep elf master archer
 36336 | Elf:3    | Identified the +1 robe of Inquiry {Int+4}
 36336 | Elf:3    | Noticed a deep elf blademaster
 36337 | Elf:3    | Killed a deep elf blademaster
 36342 | Elf:3    | Identified the cursed +0 scimitar of the Dripping Seer
                  | {vorpal, rC- rN+++ Will- Dex+6}
 36344 | Elf:3    | Killed a deep elf blademaster
 36346 | Elf:3    | Identified the +5 dagger of Gravity {freeze, rF- rN++
                  | Will++}
 36401 | Elf:3    | Identified the ring "Godghin" {+Fly Will+ MP+9}
 36405 | Elf:3    | Noticed a Tzitzimitl
 36406 | Elf:3    | Reached skill level 5 in Throwing
 36414 | Elf:3    | Identified the cursed +2 dagger of the Land of Plenty
                  | {vorpal, Str+8 Dex+3 Stlth-}
 36416 | Elf:3    | Identified the cursed +3 great mace of Dicaig {drain, *Slow
                  | Fragile rPois rF+++}
 36632 | Elf:3    | Got a bound iron ring
 36633 | Elf:3    | Identified the ring of Hogosum {Wiz rPois Str+8} (You found
                  | it on level 3 of the Elven Halls)
 37071 | Spider:1 | Entered Level 1 of the Spider Nest
 37128 | Spider:1 | Noticed Kirke
 37133 | Spider:1 | Killed Kirke
 37572 | Spider:1 | Noticed Asterion
 37586 | Spider:1 | Killed Asterion
 37706 | D:11     | You paid a toll of a +5 demon trident to enter a treasure
                  | trove
 37707 | Trove    | Entered a treasure trove
 37711 | Trove    | Found the +8 storm bow {elec, penet}
 38011 | Spider:1 | Noticed Nikola
 38027 | Spider:1 | Killed Nikola
 38028 | Spider:1 | Reached XP level 18. HP: 129/150 MP: 22/24
 38848 | Spider:2 | Noticed Jorgrun
 38853 | Spider:2 | Killed Jorgrun
 39921 | Spider:2 | Got a distressingly furry chain mail
 39922 | Spider:2 | Identified the +8 chain mail of Impatience {rC+} (You found
                  | it on level 2 of the Spider Nest)
 40033 | Spider:3 | Identified the +1 helmet of Mirth {Int-2 Dex+3 Slay+6} (You
                  | found it on level 3 of the Spider Nest)
 40299 | Spider:3 | Reached skill level 8 in Fighting
 40887 | Spider:4 | Entered Level 4 of the Spider Nest
 41764 | Spider:4 | Got a gossamer rune of Zot
 42090 | Spider:4 | Reached skill level 15 in Shields
 42328 | Swamp:1  | Entered Level 1 of the Swamp
 42384 | Swamp:1  | Reached skill level 9 in Fighting
 43210 | Swamp:2  | Found the cursed necklace of Bloodlust {*Rage +Rage Will++
                  | Int-3 Slay+6 *Curse}
 43222 | Swamp:2  | Reached XP level 19. HP: 165/165 MP: 21/26
 43351 | Swamp:2  | Reached skill level 5 in Spellcasting
 44820 | Swamp:4  | Entered Level 4 of the Swamp
 44902 | Swamp:4  | Reached skill level 10 in Fighting
 45334 | Swamp:4  | Reached skill level 11 in Fighting
 45964 | Swamp:4  | Found a blossoming altar of Fedhas.
 46041 | Swamp:4  | Got a decaying rune of Zot
 46061 | Swamp:4  | Found a basalt altar of Yredelemnul.
 46336 | Vaults:1 | Entered Level 1 of the Vaults
 46346 | Vaults:1 | Learned a level 8 spell: Necromutation
 46387 | Vaults:1 | Reached skill level 1 in Necromancy
 46586 | Vaults:1 | Found Mezobu's Book Boutique.
 46598 | Vaults:1 | Bought a book of Annihilations for 1545 gold pieces
 46623 | Vaults:1 | Noticed Donald
 46650 | Vaults:1 | Killed Donald
 46654 | Vaults:1 | Reached skill level 10 in Dodging
 47283 | Vaults:1 | Reached skill level 12 in Fighting
 47286 | Vaults:1 | Reached XP level 20. HP: 183/183 MP: 29/29
 47604 | Vaults:1 | Reached skill level 5 in Necromancy
 48828 | Vaults:2 | Found a staircase to the Crypt.
 49383 | Vaults:2 | Reached skill level 13 in Fighting
 49921 | Vaults:3 | Gained mutation: You are completely covered in slimy green
                  | scales. (AC +4, rPois) [demonic ancestry]
 49921 | Vaults:3 | Reached XP level 21. HP: 88/196 MP: 21/30
 50238 | Vaults:3 | Reached skill level 14 in Fighting
 50319 | Vaults:3 | Found Nunticre's General Store.
 50358 | Vaults:3 | Bought 2 scrolls of identify for 80 gold pieces
 50464 | Vaults:3 | Reached skill level 10 in Necromancy
 51409 | Vaults:4 | Noticed Margery
 51418 | Vaults:4 | Killed Margery
 51518 | Vaults:4 | Found the ring of the Octopus King
 51526 | Vaults:4 | Got a ring of the Octopus King
 51565 | Vaults:4 | Found a flickering gateway to a bazaar.
 51576 | Bazaar   | Entered a bazaar
 51635 | Bazaar   | Found Erheng's Book Boutique.
 51640 | Bazaar   | Bought a book of Spatial Translocations for 1105 gold
                  | pieces
 51678 | Bazaar   | Found Vauphu's Gadget Boutique.
 51716 | Bazaar   | Found Ifit Nass's Assorted Antiques.
 51721 | Bazaar   | Bought 2 potions of resistance for 600 gold pieces
 51721 | Bazaar   | Bought a scroll of magic mapping for 105 gold pieces
 51756 | Bazaar   | Found Iteripn's Distillery.
 51823 | Bazaar   | Found Kirog's Weapon Emporium.
 53052 | Vaults:4 | Noticed Aizul
 53064 | Vaults:4 | Killed Aizul
 53199 | Vaults:5 | Entered Level 5 of the Vaults
 53205 | Vaults:5 | Reached skill level 15 in Fighting
 53210 | Vaults:5 | Reached XP level 22. HP: 210/210 MP: 34/34
 53354 | Vaults:5 | Reached skill level 10 in Invocations
 53354 | Vaults:5 | Identified the +8 shortbow of Makhleb's Envy {flame, Will+
                  | Str-4 Dex+2}
 53581 | Vaults:5 | Noticed an ancient lich
 53600 | Vaults:5 | Identified the +7 falchion of Proximity {vorpal, rElec rF+
                  | rN+ Stlth+}
 53621 | Vaults:5 | Noticed a golden dragon
 53626 | Vaults:5 | Killed a golden dragon
 53630 | Vaults:5 | Killed an ancient lich
 54041 | Vaults:5 | Identified the +2 chain mail of Utzu {*Corrode Str+4 Int+8
                  | Dex-4}
 54456 | Vaults:5 | Gained mutation: Your demonic aura causes spilled blood to
                  | erupt in flames. [demonic ancestry]
 54456 | Vaults:5 | Reached XP level 23. HP: 147/217 MP: 36/36
 54992 | Vaults:5 | Got a silver rune of Zot
 55188 | Vaults:5 | Identified the Catalogue of the Congealing Entourage
 56110 | Depths:1 | Entered Level 1 of the Depths
 56231 | Depths:1 | Reached skill level 15 in Necromancy
 56286 | Depths:1 | Noticed a caustic shrike
 56292 | Depths:1 | Killed a caustic shrike
 56318 | Depths:1 | Got a smoking crystal amulet
 56482 | Depths:1 | Found the +8 lance "Wyrmbane" {slay drac, rPois rF+ rC+
                  | AC+3}
 56719 | Depths:1 | Reached skill level 1 in Polearms
 56738 | Depths:1 | Found a gateway to Hell.
 56917 | Depths:1 | Identified the amulet of Mymemysh {Reflect rC++ SH+5} (You
                  | found it on level 1 of the Depths)
 57627 | Depths:2 | Reached skill level 16 in Fighting
 57937 | Depths:2 | Reached skill level 5 in Polearms
 58027 | Depths:2 | Got an ancient bronze amulet
 58044 | Depths:2 | Identified the amulet of Punkogro {Regen+ Str-5 Int+5} (You
                  | found it on level 2 of the Depths)
 58551 | Depths:2 | Noticed a caustic shrike
 58555 | Depths:2 | Killed a caustic shrike
 58664 | Depths:2 | Gained mutation: You are extremely robust. (+30% HP)
                  | [demonic ancestry]
 58664 | Depths:2 | Reached XP level 24. HP: 222/250 MP: 36/36
 58995 | Depths:3 | Found a one-way gate leading to the halls of Pandemonium.
 59154 | Depths:3 | Found Dosem's Book Emporium.
 59158 | Depths:3 | Found Hidaid's Assorted Antiques.
 59161 | Depths:3 | Found Hoosotsa's Weapon Emporium.
 59166 | Depths:3 | Found Coem's Assorted Antiques.
 59168 | Depths:3 | Bought a scroll of teleportation for 51 gold pieces
 59168 | Depths:3 | Bought a scroll of identify for 34 gold pieces
 59176 | Depths:3 | Bought a scroll of teleportation for 135 gold pieces
 59191 | Depths:3 | Noticed Boris
 59201 | Depths:3 | Killed Boris
 59550 | Depths:3 | Found Leigif's Distillery.
 59562 | Depths:3 | Bought a potion of heal wounds for 100 gold pieces
 59730 | Depths:3 | Found the +3 pair of gauntlets of War {Slay+5}
 59924 | Depths:3 | Found a runed translucent gate.
 59924 | Depths:3 | Found a runed translucent gate.
 59924 | Depths:3 | Noticed Gameukug's ghost (adept TrMo)
 59925 | Depths:3 | Found a runed translucent gate.
 59927 | Depths:3 | Found a viscous altar of Jiyva.
 60089 | Depths:3 | Reached skill level 17 in Fighting
 60113 | Depths:3 | Killed Gameukug's ghost
 60127 | Depths:3 | Identified the cursed +1 scale mail of Vampiric Thralls
                  | {rC+} (You found it on level 3 of the Depths)
 60452 | Depths:4 | Found a one-way gate to the infinite horrors of the Abyss.
 61715 | Depths:5 | Entered Level 5 of the Depths
 61890 | Depths:5 | Found a gate to the Realm of Zot.
 62125 | Depths:5 | Reached skill level 18 in Fighting
 62175 | Depths:5 | Gained mutation: A powerful demonic guardian rushes to your
                  | aid. [demonic ancestry]
 62175 | Depths:5 | Reached XP level 25. HP: 265/265 MP: 36/36
 62344 | Depths:5 | Reached skill level 10 in Polearms
 62407 | Depths:5 | Found a gateway to a ziggurat.
 63069 | Zot:1    | Entered Level 1 of the Realm of Zot
 63132 | Zot:1    | Noticed an orb of fire
 63139 | Zot:1    | Gained mutation: Scrolls take you a little longer to read.
                  | [an orb of fire]
 63143 | Zot:1    | Killed an orb of fire
 63587 | Zot:1    | Got a transparent iron ring
 63607 | Zot:1    | Identified the ring of Zin's Brutal Revenge {rF+ AC+4} (You
                  | found it on level 1 of the Realm of Zot)
 64139 | Zot:2    | Noticed an orb of fire
 64144 | Zot:2    | Gained mutation: Your body sometimes deteriorates upon
                  | taking damage. [an orb of fire]
 64152 | Zot:2    | Killed an orb of fire
 64154 | Zot:2    | Noticed a shard shrike
 64159 | Zot:2    | Killed a shard shrike
 64388 | Zot:2    | Reached skill level 19 in Fighting
 65336 | Zot:2    | Reached XP level 26. HP: 207/280 MP: 36/36
 65784 | Zot:3    | Reached skill level 20 in Fighting
 66158 | Zot:4    | Identified the +7 spear "Ybleera" {freeze, rElec}
 66946 | Zot:5    | Entered Level 5 of the Realm of Zot
 66958 | Zot:5    | Learned a level 9 spell: Shatter
 67307 | Zot:5    | Reached skill level 21 in Fighting
 67753 | Crypt:1  | Entered Level 1 of the Crypt
 68270 | Crypt:1  | Noticed Xtahua
 68277 | Crypt:1  | Killed Xtahua
 68603 | Crypt:1  | Found a basalt altar of Yredelemnul.
 68617 | Crypt:1  | Reached XP level 27. HP: 295/296 MP: 36/36
 68813 | Crypt:2  | Noticed Saint Roka
 68827 | Crypt:2  | Killed Saint Roka
 68995 | Crypt:2  | Found an ancient bone altar of Kikubaaqudgha.
 69379 | Crypt:2  | Noticed an ancient lich
 69388 | Crypt:2  | Killed an ancient lich
 69432 | Crypt:2  | Found the +2 hat of the Bear Spirit {Spirit, +Rage rN+
                  | Will++}
 69585 | Crypt:3  | Entered Level 3 of the Crypt
 69596 | Crypt:3  | Reached skill level 10 in Spellcasting
 69883 | Crypt:3  | Found a basalt altar of Yredelemnul.
 69883 | Crypt:3  | Noticed an ancient lich
 69891 | Crypt:3  | Killed an ancient lich
 69929 | Crypt:3  | Identified the Papyrus of Evil
 69933 | Crypt:3  | Got an ancient granite ring
 69933 | Crypt:3  | Got a coiled lapis lazuli ring
 69936 | Crypt:3  | Identified the ring "Ydghypsu" {rN+ Int+8} (You found it on
                  | level 3 of the Crypt)
 69938 | Crypt:3  | Got a transparent silver ring
 69941 | Crypt:3  | Identified the ring of Corasid {*Drain +Inv rN+ Dex-3
                  | Stlth+} (You found it on level 3 of the Crypt)
 69954 | Crypt:3  | Identified the ring of Knowledge {*Slow rPois rF+ rN+
                  | Int+7} (You found it on level 3 of the Crypt)
 70337 | Crypt:3  | Found a staircase to the Tomb.
 70821 | Tomb:1   | Entered Level 1 of the Tomb of the Ancients
 70867 | Tomb:1   | Noticed Frederick
 70877 | Tomb:1   | Killed Frederick
 71143 | Tomb:1   | Noticed Sojobo
 71164 | Tomb:1   | Killed Sojobo
 71645 | Tomb:1   | Noticed Mara
 71659 | Tomb:1   | Noticed a royal mummy
 71662 | Tomb:1   | Noticed summerfriday's illusion
 71668 | Tomb:1   | Noticed a royal mummy
 71672 | Tomb:1   | Noticed summerfriday's illusion
 71680 | Tomb:1   | Killed a royal mummy
 71680 | Tomb:1   | Killed Mara
 71691 | Tomb:1   | Killed a royal mummy
 72193 | Tomb:1   | Noticed a royal mummy
 72195 | Tomb:1   | Noticed a royal mummy
 72196 | Tomb:1   | Noticed a royal mummy
 72205 | Tomb:1   | Killed a royal mummy
 72205 | Tomb:1   | Noticed a royal mummy
 72206 | Tomb:1   | Reached skill level 22 in Fighting
 72206 | Tomb:1   | Reached skill level 15 in Earth Magic
 72221 | Tomb:1   | Killed a royal mummy
 72230 | Tomb:1   | Killed a royal mummy
 72231 | Tomb:1   | Reached skill level 15 in Dodging
 72237 | Tomb:1   | Noticed a royal mummy
 72239 | Tomb:1   | Killed a royal mummy
 72250 | Tomb:1   | Killed a royal mummy
 72336 | Tomb:1   | Noticed a royal mummy
 72349 | Tomb:1   | Killed a royal mummy
 72511 | Tomb:1   | Noticed a royal mummy
 72515 | Tomb:1   | Noticed a royal mummy
 72529 | Tomb:1   | Killed a royal mummy
 72537 | Tomb:1   | Killed a royal mummy
 72537 | Tomb:1   | Noticed a royal mummy
 72547 | Tomb:1   | Killed a royal mummy
 72562 | Tomb:1   | Noticed a royal mummy
 72573 | Tomb:1   | Killed a royal mummy
 72661 | Tomb:1   | Noticed a royal mummy
 72672 | Tomb:1   | Killed a royal mummy
 72746 | Tomb:1   | Noticed a royal mummy
 72749 | Tomb:1   | Noticed a royal mummy
 72756 | Tomb:1   | Killed a royal mummy
 72757 | Tomb:1   | Reached skill level 10 in Throwing
 72766 | Tomb:1   | Killed a royal mummy
 72790 | Tomb:1   | Noticed a royal mummy
 72804 | Tomb:1   | Killed a royal mummy
 72836 | Tomb:1   | Noticed a royal mummy
 72845 | Tomb:1   | Killed a royal mummy
 72860 | Tomb:1   | Noticed a royal mummy
 72861 | Tomb:1   | Noticed a royal mummy
 72873 | Tomb:1   | Killed a royal mummy
 72880 | Tomb:1   | Killed a royal mummy
 72892 | Tomb:1   | Noticed a royal mummy
 72903 | Tomb:1   | Killed a royal mummy
 73090 | Tomb:1   | Lost mutation: Scrolls take you a little longer to read.
                  | [potion of mutation]
 73090 | Tomb:1   | Lost mutation: Your body sometimes deteriorates upon taking
                  | damage. [potion of mutation]
 73090 | Tomb:1   | Gained mutation: Your muscles are strong. (Str +2) [potion
                  | of mutation]
 73090 | Tomb:1   | Gained mutation: You passively map a small area around you.
                  | [potion of mutation]
 73090 | Tomb:1   | Gained mutation: You are resistant to electric shocks.
                  | (rElec) [potion of mutation]
 73392 | Tomb:2   | Noticed a royal mummy
 73396 | Tomb:2   | Noticed Boris
 73402 | Tomb:2   | Killed a royal mummy
 73405 | Tomb:2   | Noticed a royal mummy
 73425 | Tomb:2   | Killed a royal mummy
 73436 | Tomb:2   | Killed Boris
 73558 | Tomb:2   | Noticed a royal mummy
 73610 | Tomb:2   | Killed a royal mummy
 73626 | Tomb:2   | Noticed Khufu
 73631 | Tomb:2   | Noticed a royal mummy
 73639 | Tomb:2   | Noticed a royal mummy
 73648 | Tomb:2   | Killed Khufu
 73653 | Tomb:2   | Killed a royal mummy
 73671 | Tomb:2   | Killed a royal mummy
 74061 | Tomb:2   | Paralysed by a Zot trap for 5 turns
 74166 | Tomb:3   | Entered Level 3 of the Tomb of the Ancients
 74196 | Tomb:3   | Noticed an ancient lich
 74197 | Tomb:3   | Noticed a royal mummy
 74205 | Tomb:3   | Noticed a royal mummy
 74207 | Tomb:3   | Noticed a royal mummy
 74208 | Tomb:3   | Noticed a royal mummy
 74214 | Tomb:3   | Noticed a royal mummy
 74219 | Tomb:3   | Killed an ancient lich
 74224 | Tomb:3   | Killed a royal mummy
 74226 | Tomb:3   | Killed a royal mummy
 74230 | Tomb:3   | Noticed a royal mummy
 74235 | Tomb:3   | Noticed a royal mummy
 74244 | Tomb:3   | Killed a royal mummy
 74265 | Tomb:3   | HP: 15/300 [royal mummy/divine providence (12)]
 74287 | Tomb:3   | Killed a royal mummy
 74293 | Tomb:3   | Killed a royal mummy
 74294 | Tomb:3   | Noticed a royal mummy
 74307 | Tomb:3   | Killed a royal mummy
 74313 | Tomb:3   | Killed a royal mummy
 74324 | Tomb:3   | Killed a royal mummy
 74538 | Tomb:3   | Got a golden rune of Zot
 74642 | Tomb:3   | Got a shimmering platinum amulet
 74646 | Tomb:3   | Identified the amulet "Iduy" {Reflect Slay+2 SH+5} (You
                  | found it on level 3 of the Tomb of the Ancients)
 74831 | Tomb:3   | Identified the Compendium of Calling
 74848 | Tomb:3   | Identified Sif Muna's Catalogue of Twisted Transformation
 75345 | Pan      | Entered Pandemonium
 75416 | Pan      | Noticed Mennas
 75432 | Pan      | Killed Mennas
 75580 | Pan      | Found a transporter.
 75608 | Pan      | Found a transporter.
 75879 | Pan      | Identified the amulet of Loashito {Spirit +Fly rN+ Will+
                  | Int+2} (You found it in Pandemonium)
 75882 | Pan      | Identified the +1 pair of boots of Fun {*Corrode rPois
                  | Str+8} (You found it in Pandemonium)
 76186 | Pan      | Found a runed translucent door.
 76213 | Pan      | Noticed Qeaxewin the pandemonium lord
 76240 | Pan      | Killed Qeaxewin the pandemonium lord
 76243 | Pan      | HP: 7/302 [reaper/+1 scythe of venom (33)]
 76246 | Pan      | Entered the realm of Mnoleg.
 76246 | Pan      | Noticed Mnoleg
 76585 | Pan      | Paralysed by a floating eye for 2 turns
 76683 | Pan      | Gained mutation: You occasionally shout uncontrollably at
                  | your foes. [a neqoxec]
 76685 | Pan      | Gained mutation: Your magical capacity is low. (-10% MP) [a
                  | neqoxec]
 76863 | Pan      | Paralysed by a floating eye for 2 turns
 76870 | Pan      | Paralysed by an eldritch tentacle for 3 turns
 76873 | Pan      | HP: 5/302 [eldritch tentacle[Mnoleg] (12)]
 76873 | Pan      | Slain by a tentacled monstrosity

Illustrated notes

Levels and vault maps discovered:
D:1:      lightli_arrival_lavapool, layout_basic, roderic_lattice_a
D:2:      layout_basic, yredelemnul_altar_generic
D:3:      layout_basic, lemuel_blue_sif_altar, gammafunk_temple_overflow_statue,
          minmay_randomly_rotated_circles, uniq_sigmund
D:4:      layout_rooms, kennysheep_okawaru_gauntlet, gammafunk_ghost_stat_death,
          uniq_eustachio
D:5:      layout_rooms, chequers_temple_overflow_statue_of_worship, minitemple,
          minmay_temple_entry_glass, basic_altar, portal_sewer_entry_f,
          uniq_grinder
D:6:      layout_basic, chequers_serial_rivers_room_a, uniq_blork_the_orc
D:7:      layout_basic
D:8:      layout_basic, eat_drink_and_be_merry_uskayaw
D:9:      layout_cave_pods, gammafunk_ghost_spectres
D:10:     layout_irregular_city, erik_lair_orcish_takeover, serial_shops, shop
D:11:     layout_small_grid, special_room [special_room_orc],
          gammafunk_ghost_berserking_beasts, nicolae_trove_entry_crystal
D:12:     layout_basic, zombieorc2_lemuel
D:13:     layout_cave_pods
D:14:     kennysheep_snake, layout_basic, hangedman_vaults_entry_quadrant_bands,
          lemuel_tele_altar, enter_bailey_4
D:15:     hangedman_depths_entry_civil_slaughter, layout_long_grid
Temple:   eino_temple_lava
Lair:1:   layout_gridlike, st_stairs_10
Lair:2:   layout_regular_city, swamp_mist
Lair:3:   layout_regular_city, spider_nest_entry_rubble, uniq_rupert
Lair:4:   layout_gridlike, forest_entry_grove, infiniplex_staircase_pool,
          uniq_josephine, uniq_nergalle
Lair:5:   regret_index_tunnel_blossom, layout_cave_shapes, slime_altar_2,
          lemuel_fruit_tree
Lair:6:   grunt_lair_end_beastmaster, layout_concentric_octagons,
          portal_ice_cave_entry_pillars_1, gauntlet_entry_generic,
          grunt_megastairs_1, minmay_lair_oklob_chamber, uniq_snorg
Swamp:1:  layout_basic_swamp, serial_swamp_ruin, evilmike_swamp_ruin_house_1,
          evilmike_swamp_ruin_house_2, evilmike_swamp_ruin_house_5,
          lightli_tree_ring
Swamp:2:  layout_basic_swamp, evilmike_swamp_ruin_rubble_1
Swamp:3:  layout_basic_swamp, nicolae_swamp_dense_foliage, swamp_pool2
Swamp:4:  byrel_swamp_growth_death_and_undeath, layout_basic_swamp
Spider:1: layout_spider_delve, uniq_kirke, uniq_asterion, uniq_nikola
Spider:2: layout_chambers, drop_trap, uniq_jorgrun
Spider:3: layout_spider_delve
Spider:4: grunt_spider_rune_parallel, nicolae_spider_nook
Orc:1:    layout_diamond_mine, mines5_lemuel, uniq_sonja, uniq_urug
Orc:2:    grunt_orc_cross, layout_caves
Elf:1:    minmay_elf_arrival_summoners, layout_geoelf_diagonals, serial_shops,
          nicolae_shop_waterfront, minmay_elf_sorcery,
          minmay_shop_enchanted_jewellery, hangedman_decor_cross_pass,
          uniq_roxanne
Elf:2:    layout_geoelf_diagonals, lemuel_flamethrower_1, lemuel_elevator
Elf:3:    minmay_elf_hall_not_hex, layout_loops_ring, serial_shops,
          nicolae_shop_statue_plus, abandoned_shop, minmay_shop_grove,
          grunt_megastairs_3
Vaults:1: hangedman_vaults_nails, nicolae_vaults_back_hallway,
          nicolae_vaults_theta, vaults_room_fancy_cross, ontoclasm_vaults_twist,
          vaults_room_guarded_vault, vaults_room_grunt_arrival_ludios,
          hangedman_vaults_maws, layout_vaults_omnigrid, serial_shops,
          nicolae_shop_window_shopping, uniq_donald
Vaults:2: hangedman_vaults_trim, ontoclasm_vaults_shuriken,
          blue_anna_dwarven_crypt, v_alt_pattern_5, nicolae_vaults_c_with_doors,
          nicolae_vaults_three_branches, v_misc_12, hangedman_vaults_nails,
          v_misc_30, vaults_room_stairs_pillars, nicolae_vaults_specimen_jars,
          layout_vaults_omnicross
Vaults:3: nicolae_vaults_big_angled_halls, grunt_vaults_diagonal,
          nicolae_vaults_twisting_passages, v_alt_pattern_1, st_more_cells,
          vaults_room_corners, vaults_mumra_chevron, ontoclasm_vaults_tryst,
          nicolae_vaults_network_quinsquares
          [nicolae_vaults_network_quincunx_subvault,
          nicolae_vaults_network_quincunx_subvault,
          nicolae_vaults_network_quincunx_subvault,
          nicolae_vaults_network_quincunx_subvault], v_misc_25, v_misc_27,
          nicolae_vaults_border_crossing, hangedman_vaults_maws,
          layout_vaults_ring, serial_shops, nicolae_shop_window_shopping
Vaults:4: vaults_room_pool, vaults_mumra_hex, vaults_room_door_hall,
          hangedman_vaults_nodes, hangedman_vaults_stretched_pinwheel,
          hangedman_vaults_slice, nicolae_vaults_ring_of_whatevers,
          vaults_room_fancy_cross, vaults_room_door_ring, v_rooms_3,
          hangedman_vaults_unwind, layout_vaults_omnibox, serial_shops,
          bzr_entry_customers, uniq_margery, uniq_aizul
Vaults:5
Crypt:1:  layout_misc_corridors, grunt_ministairs_13, hangedman_blasphemy,
          uniq_xtahua
Crypt:2:  layout_regular_city, basic_altar, hangedman_weighted_door,
          weyrava_lich_vault, uniq_saint_roka
Crypt:3:  cryptofortress_bobbens
Tomb:1:   uniq_sojobo, uniq_frederick, uniq_mara
Tomb:2:   uniq_khufu
Tomb:3
Depths:1: layout_basic, grunt_hell_horde, minmay_misc_feat_rows,
          chequers_decorated_corner, st_stairs_14, minmay_misc_feat_enclosed,
          serial_sigils_hangedman_quiver, grunt_ministairs_14,
          minmay_misc_feat_square, eino_small_chamber_without_monster,
          chequers_serial_rivers_large_b, drop_trap, minivault_10,
          minmay_hollow_rounded_squares, serial_bayou_shore_b
Depths:2: nzn_winding_woodlands_small [nzn_winding_woodlands_5x15_cabin,
          nzn_winding_woodlands_center_lodge,
          nzn_winding_woodlands_5x15_concentric], layout_cave_shapes,
          kennysheep_another_room, pf_hell_entry_tar_river,
          small_chamber_with_monster
Depths:3: kennysheep_oblong_rooms, layout_long_grid, hell_entry,
          minmay_misc_feat_encased, pan_entry, serial_shops,
          nicolae_shop_crystal, gammafunk_ghost_ooze, minmay_shop_grid_forest,
          kennysheep_nub, infiniplex_staircase_zigzag_4, serial_bayou_shore_a,
          uniq_boris
Depths:4: lemuel_castle_with_subvaults [lemuel_castle_interior_carwin_2],
          layout_basic, rand_demon_pan_entry_3, corexii_corridor_pit,
          abyss_entry, hell_entry, serial_bayou_crossing
Depths:5: evilmike_zot_entry_round, layout_basic, enter_ziggurat_d,
          serial_rivers, chequers_serial_rivers_micro_d,
          chequers_serial_rivers_micro_c, chequers_serial_rivers_micro_e,
          chequers_serial_rivers_micro_a, chequers_serial_rivers_large_a,
          hell_entry, abyss_entry
Zot:1:    layout_gridlike, grunt_ministairs_7
Zot:2:    grunt_zot_stairs_overgrown, layout_twisted_circle,
          hangedman_elemental_grid_stream
Zot:3:    layout_onion
Zot:4:    layout_basic
Zot:5:    layout_cellular_growth
Pan:      gammafunk_the_bubble [the_bubble_gammafunk_crates],
          layout_grid_shapes, uniq_mennas_pan, pan_blood_fountain_small,
          grunt_pan_sceptre, layout_small_grid, pan_blood_fountain_2,
          pan_blood_fountain, nicolae_pan_mnolegish_1, rand_demon_9,
          layout_irregular_city, nicolae_pan_cerebovesque_2,
          evilmike_mnoleg_eyes, layout_stronghold

Skill      XL: |  1  2  3  4  5  6  7  8  9 10 11 12 13 14 15 16 17 18 19 20 21 22 23 24 25 26 27 |
---------------+----------------------------------------------------------------------------------+-----
Short Blades   | 2 3 4 5 6 7 |  7.2
Dodging        | 2 3 4 5 7 10 12 13 14 15 | 15.0
Fighting       | 4 5 7 9 12 13 15 16 18 19 21 22 | 22.6
Shields        | 2 4 6 7 8 10 11 12 13 14 15 | 15.0
Long Blades    | 1 4 6 7 8 10 11 12 13 | 13.3
Evocations     | 2 3 5 7 8 |  8.0
Invocations    | 4 7 8 13 14 | 14.1
Translocations | 2 |  2.5
Transmutations | 2 5 6 8 9 11 12 13 | 13.0
Earth Magic    | 2 5 6 8 9 11 12 13 19 | 19.1
Spellcasting   | 2 3 4 6 8 9 13 | 13.2
Armour         | 2 3 |  3.0
Throwing       | 6 8 14 | 14.1
Necromancy     | 4 9 11 14 16 18 20 21 | 21.8
Polearms       | 6 9 11 | 11.8
Staves         | |  2.6

Action                   |  1- 3 |  4- 6 |  7- 9 | 10-12 | 13-15 | 16-18 | 19-21 | 22-24 | 25-27 || total
-------------------------+-------+-------+-------+-------+-------+-------+-------+-------+-------++-------
Melee: Short sword       |   157 |    13 |       |       |       |       |       |       |       ||   170
       Dagger            |       |   210 |   348 |       |    32 |    22 |       |       |       ||   612
       Kick              |       |       |   161 |   300 |   548 |   521 |   699 |   517 |  1129 ||  3875
       Long sword        |       |       |   114 |   130 |       |       |       |       |       ||   244
       Demon blade       |       |       |       |   346 |   942 |   889 |  1125 |   711 |       ||  4013
       Lance             |       |       |       |       |       |       |       |    43 |  2174 ||  2217
       Unarmed           |       |       |       |       |       |       |       |       |     4 ||     4
Throw: Javelin           |       |       |       |       |     2 |    50 |    14 |    16 |    60 ||   142
 Cast: Statue Form       |       |       |       |       |     9 |    39 |    38 |    43 |    20 ||   149
       Necromutation     |       |       |       |       |       |       |       |     1 |    34 ||    35
       Shatter           |       |       |       |       |       |       |       |       |     5 ||     5
Invok: Bend Time         |       |       |     1 |       |     1 |       |       |       |       ||     2
       Slouch            |       |       |       |     8 |    11 |    11 |     8 |     4 |    23 ||    65
       Step From Time    |       |       |       |       |       |       |     1 |     1 |       ||     2
 Abil: End Transformatio |       |       |       |       |       |       |       |       |     2 ||     2
Evoke: Wand              |       |       |       |    18 |     2 |    17 |     9 |       |    21 ||    67
       Condenser vane    |       |       |       |     1 |     2 |     3 |     3 |     4 |     9 ||    22
       Tin of tremorston |       |       |       |       |       |     6 |     7 |     5 |    13 ||    31
  Use: Potion            |     2 |     1 |     2 |     1 |     1 |       |       |       |    10 ||    17
       Scroll            |       |       |    20 |    12 |    11 |    13 |     9 |     9 |    20 ||    94
 Stab: Sleeping          |       |     1 |     3 |     5 |     3 |     2 |     9 |     2 |    12 ||    37
       Distracted        |       |       |     1 |     1 |     5 |     7 |     2 |     5 |    22 ||    43
       Paralysed         |       |       |       |     2 |       |       |       |       |       ||     2
       Invisible         |       |       |       |       |       |       |       |       |     1 ||     1
       Confused          |       |       |       |       |       |       |       |       |     4 ||     4
Armor: Robe              |    41 |    24 |    35 |       |       |       |       |       |       ||   100
       Skin              |       |     3 |       |       |    38 |   274 |   226 |   194 |    73 ||   808
       Leather armour    |       |       |    14 |    81 |     3 |       |       |       |       ||    98
       Troll leather arm |       |       |       |       |   107 |   115 |    73 |    29 |   304 ||   628
Dodge: Dodged            |    81 |   112 |   228 |   250 |   357 |   468 |   757 |   671 |  1124 ||  4048
Block: Other             |     1 |    49 |    91 |    10 |       |       |       |       |       ||   151
       Reflection        |       |       |     4 |    50 |    38 |    66 |   131 |    87 |    18 ||   394
       Kite shield       |       |       |       |   442 |   921 |  1019 |  1297 |  1022 |  1362 ||  6063
       Rpst.: Long sword |       |       |    15 |    26 |       |       |       |       |       ||    41
       Demon blade       |       |       |       |    38 |    75 |    80 |   115 |   113 |       ||   421
